 Dungeon Crawl Stone Soup version 0.30-a0-374-g95c0257040 (webtiles) character file.

Game seed: 16323885906788041190

33 Shayle the Conjurer (level 3, 0/28 HPs)
             Began as a Demonspawn Reaver on Nov 27, 2022.
             Slain by an adder (1 damage)
             ... on level 2 of the Dungeon.
             The game lasted 00:02:44 (1378 turns).

Shayle the Conjurer (Demonspawn Reaver)             Turns: 1378, Time: 00:02:44

Health: 0/28       AC:  4    Str: 12    XL:     3   Next: 12%
Magic:  6/6        EV: 11    Int: 16    God:
Gold:   83         SH:  0    Dex: 11    Spells: 5/6 levels left

rFire   . . .      SeeInvis .    a - +0 hand axe
rCold   . . .      Faith    .    (no shield)
rNeg    . . .      Spirit   .    b - +0 leather armour
rPois   .          Reflect  .    (no helmet)
rElec   .          Harm     .    (no cloak)
rCorr   .          Rampage  .    (no gloves)
Will    .....                    (no boots)
Stlth   +.........               (no amulet)
HPRegen 0.24/turn                (no ring)
MPRegen 0.10/turn                (no ring)

@: mighty, slowed, very slow
A: rugged brown scales 1
a: no special abilities


You were on level 2 of the Dungeon.
You visited 1 branch of the dungeon, and saw 2 of its levels.

You collected 83 gold pieces.

Inventory:

Hand Weapons
 a - a +0 hand axe (weapon)
Armour
 b - a +0 leather armour (worn)
Jewellery
 e - a ring of fire
 j - an amulet of regeneration
Scrolls
 c - a scroll of butterflies {unknown}
 d - a scroll of summoning {unknown}
 g - a scroll of torment {unknown}
 h - a scroll of fear {unknown}
 i - a scroll of enchant armour {unknown}
 k - a scroll of noise
 l - a scroll of magic mapping {unknown}
 n - a scroll of silence {unknown}
Potions
 f - a potion of curing {unknown}


   Skills:
 + Level 2.6 Fighting
 - Level 2.6 Axes
 + Level 1.2 Armour
 - Level 1.7 Dodging
 + Level 1.4 Stealth
 - Level 2.0 Spellcasting
 - Level 3.0 Conjurations


You had 5 spell levels left.
You knew the following spells:

 Your Spells              Type           Power      Damage    Failure   Level
a - Kiss of Death         Conj/Necr      24%        2d7       14%         1

Your spell library contained the following spells:

 Spells                   Type           Power      Damage    Failure   Level
 Momentum Strike          Conj/Tloc      12%        3d8       22%         2
 Hailstorm                Conj/Ice       6%         3d4       38%         3


Dungeon Overview and Level Annotations

Branches:
Dungeon (2/15)

Altars:

Shops:
D:1 *   D:2 [

Annotations:
D:2 Natasha


Innate Abilities, Weirdness & Mutations

You are partially covered in rugged brown scales. (AC +1, +3% HP)


Message History

The adder bites you but does no damage. Natasha claws you!
* * * LOW HITPOINT WARNING * * *
The rat bites you but does no damage. The adder closely misses you.
Natasha casts a spell at you. You resist with significant effort.
The rat closely misses you.
It was a potion of heal wounds.
You feel much better. The adder bites you but does no damage.
Natasha claws you. The adder bites you but does no damage.
The rat closely misses you. The worm bites you.
You barely miss Natasha.
Natasha is moderately wounded.
You hit the worm but do no damage. You hit the adder. You closely miss the rat.
The adder bites you. Natasha claws you. The rat bites you but does no damage.
The adder bites you but does no damage. Natasha barely misses you.
The worm bites you but does no damage. The rat barely misses you.
Unknown command.
You slash Natasha!
Natasha is severely wounded.
You slash the rat!
You kill the rat!
You hit the worm but do no damage. You closely miss the adder.
The adder closely misses you.
Natasha mewls in sadness.
Natasha drinks a potion.
Natasha is healed!
The adder bites you but does no damage. The worm barely misses you.
Natasha misses you. The adder bites you but does no damage.
You slash Natasha!
Natasha is almost dead.
You slash the worm! You barely miss the adder.
The adder bites you but does no damage. Natasha claws you. The worm bites you.
* * * LOW HITPOINT WARNING * * *
The adder bites you but does no damage.
Natasha stares at you and mumbles some strange words.
The magic dart hits you.
* * * LOW HITPOINT WARNING * * *
Unknown command.
As you read the scroll labelled KICAES ZUUPOMAKI, it crumbles to dust.
You hear a loud clanging noise!
It was a scroll of noise.
The adder bites you.
You die...

.................##
.#.###.#..........#
.# #.#......[...#
.# ....#..........#
.#.....##.........#
......# #.........#
....... ..........#
......# .........#
......# ......h@.#
......# ......wS.#
......# .........#
####### .........#
... .......... #...
........... . ..
........... # .
............


You could see a worm, Natasha and an adder.

Vanquished Creatures
  An adder (D:2)
  A dart slug (D:1)
  An endoplasm (D:1)
  A giant cockroach (D:2)
  A goblin (D:2)
  4 hobgoblins (D:2)
  3 quokkas
  3 bats
  2 frilled lizards (D:2)
  2 kobolds (D:1)
  3 rats (D:2)
22 creatures vanquished.

Vanquished Creatures (others)
  2 fungi (D:1)
  4 toadstools (D:1)
6 creatures vanquished.

Grand Total: 28 creatures vanquished

Notes
Turn   | Place    | Note
-------+----------+-------------------------------------------
     0 | D:1      | Shayle the Demonspawn Reaver began the quest for the Orb.
     0 | D:1      | Reached XP level 1. HP: 16/16 MP: 3/3
   208 | D:1      | Found Tiuptex's Assorted Antiques.
   564 | D:1      | Found a faded altar of an unknown god.
   570 | D:1      | Gained mutation: You are partially covered in rugged brown
                  | scales. (AC +1, +3% HP) [demonic ancestry]
   570 | D:1      | Reached XP level 2. HP: 16/22 MP: 5/5
   987 | D:2      | Found Tipleup's Armour Boutique.
  1116 | D:2      | Reached skill level 1 in Stealth
  1202 | D:2      | Reached skill level 1 in Armour
  1279 | D:2      | Reached XP level 3. HP: 26/28 MP: 6/6
  1364 | D:2      | Noticed Natasha
  1377 | D:2      | HP: 1/28 [Natasha/magic dart (4)]
  1378 | D:2      | Slain by an adder

Illustrated notes

Levels and vault maps discovered:
D:1:      ldierk_walled_garden_2, layout_loops_ring, serial_shops, shop_statue,
          dreamdust_ecumenical_altar_hidden_monk_grotto, serial_aquarium,
          aquarium_bridge_straight [aquarium_subvault_bridge,
          aquarium_subvault_window, aquarium_subvault_bridge,
          aquarium_subvault_window], aquarium_bridge_straight
          [aquarium_subvault_bridge, aquarium_subvault_window,
          aquarium_subvault_bridge, aquarium_subvault_wall], aquarium_window_2,
          aquarium_window_1, aquarium_window_2, aquarium_view_2d,
          aquarium_pool_2, serial_bayou_ford_a
D:2:      layout_basic, serial_shops, nicolae_diamond_shop, uniq_natasha

Skill      XL: |  1  2 |
---------------+-------+-----
Stealth        | 1 |  1.4
Armour         | 1 |  1.2
Fighting       | |  2.6
Axes           | |  2.6
Dodging        | |  1.7
Spellcasting   | |  2.0
Conjurations   | |  3.0

Action                   || total
-------------------------++-------
Melee: Hand axe          ||    73
       Punch             ||     1
  Use: Potion            ||     2
       Scroll            ||     1
 Stab: Sleeping          ||     1
Armor: Leather armour    ||    38
Dodge: Dodged            ||    63

Table legend: (Time is in decaauts)
 A = Elapsed time spent in this place.
 B = Non-inter-level travel time spent in this place.
 C = Inter-level travel time spent in this place.
 D = Time resting spent in this place.
 E = Time spent auto-exploring this place.
 F = Levels seen in this place.
 G = Mean time per level.
                   A        B        C        D        E       F      G
               +--------+--------+--------+--------+--------+-----+--------+
         Total |   1402 |   1373 |     29 |      0 |   1130 |   2 |  701.0 |
       Dungeon |   1402 |   1373 |     29 |      0 |   1130 |   2 |  701.0 |
               +--------+--------+--------+--------+--------+-----+--------+

Top non-repeatable levels by time:
     D:1: 991 daAuts
     D:2: 410 daAuts
